 Dungeon Crawl Stone Soup version 0.23.2-32-g37ab1d4649 (webtiles) character file.

Game seed: 1515698029009166625

175 Mrkan the Shield-Bearer (level 5, -7/34 HPs)
             Began as a Gargoyle Fighter on June 25, 2019.
             Killed by divine providence
             ... invoked by an orc priest
              (14 damage)
             ... on level 3 of the Dungeon.
             The game lasted 00:04:11 (2005 turns).

Mrkan the Shield-Bearer (Gargoyle Fighter)          Turns: 2005, Time: 00:04:11

Health: -7/34      AC: 10    Str: 20    XL:     5   Next: 55%
Magic:  5/5        EV:  7    Int:  8    God:
Gold:   143        SH:  9    Dex: 10    Spells: 4/4 levels left

rFire    . . .     SeeInvis .   k - +2 mace (holy)
rCold    . . .     Gourm    .   c - +0 shield
rNeg     + . .     Faith    .   b - +0 scale mail
rPois    ∞         Spirit   .   (no helmet)
rElec    +         Reflect  .   l - scarf {repulsion}
rCorr    .         Harm     .   (no gloves)
MR       .....                  (no boots)
Stlth    ..........             (no amulet)
HPRegen  0.11/turn              (no ring)
MPRegen  0.09/turn              (no ring)

@: repel missiles
A: negative energy resistance 1, electricity resistance, unbreathing,
petrification resistance, rot immunity, AC +4
a: no special abilities


You were on level 3 of the Dungeon.
You were not hungry.

You visited 1 branch of the dungeon, and saw 3 of its levels.

You collected 143 gold pieces.

Inventory:

Hand Weapons
 k - a +2 mace of holy wrath (weapon)
Armour
 b - a +0 scale mail (worn)
 c - a +0 shield (worn)
 l - a scarf of repulsion (worn)
Jewellery
 a - an uncursed amulet of rage {unknown}
 n - a +2 amulet of reflection {unknown}
Scrolls
 d - 3 scrolls of fear {unknown}
 h - 4 scrolls of remove curse {unknown}
 i - a scroll of blinking {unknown}
 j - a scroll of identify {unknown}
 m - a scroll of immolation {unknown}
Potions
 e - a potion of magic {unknown}
 g - a potion of heal wounds {unknown}
 o - 5 potions of curing {unknown}
Comestibles
 f - 4 rations


   Skills:
 + Level 4.3 Fighting
 * Level 4.1 Maces & Flails
 - Level 3.2 Armour
 + Level 4.4 Shields


You had 4 spell levels left.
You didn't know any spells.
Your spell library was empty.

Dungeon Overview and Level Annotations

Branches:
Dungeon (3/15)

Altars:
Hepliaklqana
Xom

Annotations:
D:3 2 runed translucent doors, MisterOstroum's ghost, amateur TrCK


Innate Abilities, Weirdness & Mutations

You are resistant to torment.
Your stone body is resilient. (AC +4)
You are immune to poison.
You resist negative energy. (rN+)
You are resistant to electric shocks. (rElec)
You can survive without breathing.
You are immune to petrification.
You are immune to rotting.


Message History

You hear an angry hiss.
Found a stone staircase leading down.
You sock the orc!
You kill the orc!
A leopard gecko comes into view.
The orc priest mumbles some strange prayers to Beogh against you.
Beogh smites you!
* * * LOW HITPOINT WARNING * * *
A bat comes into view.
The frilled lizard hisses.
The bat moves out of view.
Okay, then.
You block the bat's attack. The bat closely misses you.
You block the bat's attack. The bat hits you but does no damage.
The bat hits you but does no damage.
The orc priest calls down the wrath of Beogh upon you.
Beogh smites you!
You die...

.....+......'..'.......#
######>.....####.......# #......#
#.......# #.....<# #.......#
#......# ###'##### ######......#
#)# ............# #.#######
>...........######.......#
.$....)...lolo.b@........#
..........##.............#
..........##.............#
..........##.............########
..........##.............'†......
..........##.............########
..........##..............#
..........##..............#
#..............#


You could see an orc priest, an orc, a leopard gecko, a bat and a frilled
lizard.

Vanquished Creatures
  An orc priest (D:2)
  A centaur skeleton (D:3)
  Jessica (D:2)
  2 adders (D:2)
  2 oozes
  2 worms (D:2)
  2 dart slugs (D:1)
  A leopard gecko (D:2)
  4 orcs
  2 giant cockroaches
  9 goblins
  4 hobgoblins
  2 quokkas (D:2)
  6 bats
  7 frilled lizards
  7 kobolds
  8 rats
61 creatures vanquished.

Notes
Turn   | Place    | Note
-------+----------+-------------------------------------------
     0 | D:1      | Mrkan the Gargoyle Fighter began the quest for the Orb.
     0 | D:1      | Reached XP level 1. HP: 14/14 MP: 1/1
   144 | D:1      | Reached XP level 2. HP: 16/19 MP: 2/2
   470 | D:1      | Reached XP level 3. HP: 23/23 MP: 3/3
   938 | D:2      | Found a shimmering altar of Xom.
   938 | D:2      | Noticed Jessica
   952 | D:2      | Killed Jessica
   952 | D:2      | Reached XP level 4. HP: 16/29 MP: 4/4
  1184 | D:2      | Reached XP level 5. HP: 13/33 MP: 5/5
  1643 | D:2      | Found a hazy altar of Hepliaklqana.
  1644 | D:2      | Noticed a spectral ugly thing
  1746 | D:3      | Found a runed translucent door.
  1746 | D:3      | Noticed MisterOstroum's ghost (amateur TrCK)
  1765 | D:3      | Found a runed translucent door.
  2005 | D:3      | Killed from afar by an orc priest

Skill      XL: |  1  2  3  4  5 |
---------------+----------------+-----
Maces & Flails | 3 4 |  4.1
Shields        | 4 |  4.4
Fighting       | 4 |  4.3
Armour         | |  3.2

Action                   |  1- 3 |  4- 6 || total
-------------------------+-------+-------++-------
Melee: Flail             |   134 |    51 ||   185
       Mace              |       |    20 ||    20
  Use: Potion            |     1 |       ||     1
  Eat: Chunk             |       |     4 ||     4
Armor: Scale mail        |    57 |    30 ||    87
Dodge: Dodged            |    44 |    28 ||    72
Block: Shield            |    67 |    54 ||   121
